 Dungeon Crawl Stone Soup version 0.27.1-33-g824d729ab1 (webtiles) character file.

Game seed: 455515525476845634

1059 CrazyMind the Shield-Bearer (level 8, 0/60 HPs)
             Began as a Human Fighter on Dec 22, 2021.
             Was an Initiate of Okawaru.
             Slain by Duvessa (8 damage)
             ... on level 5 of the Dungeon.
             The game lasted 00:23:34 (7448 turns).

CrazyMind the Shield-Bearer (Human Fighter)         Turns: 7448, Time: 00:23:34

Health: 0/60       AC: 10    Str: 19    XL:     8   Next: 51%
Magic:  8/8        EV:  8    Int:  8    God:    Okawaru [......]
Gold:   231        SH: 10    Dex: 13    Spells: 7/7 levels left

rFire    . . .     SeeInvis .   a - +1 flail
rCold    . . .     Faith    .   c - +0 kite shield
rNeg     . . .     Spirit   .   b - +0 scale mail
rPois    .         Reflect  .   p - +0 hat
rElec    .         Harm     .   x - +2 cloak
rCorr    .         Rampage  .   (no gloves)
Will     .....                  (no boots)
Stlth    ..........             (no amulet)
HPRegen  0.20/turn              h - ring of wizardry
MPRegen  0.11/turn              z - ring of flight

@: mighty, flying
A: no striking features
a: Renounce Religion


You were on level 5 of the Dungeon.
You worshipped Okawaru.
Okawaru was noncommittal.
You visited 2 branches of the dungeon, and saw 7 of its levels.

You collected 231 gold pieces.

Inventory:

Hand Weapons
 a - a +1 flail (weapon)
Missiles
 g - 167 stones
 y - 30 poisoned darts (quivered)
Armour
 b - a +0 scale mail (worn)
 c - a +0 kite shield (worn)
 p - a +0 hat (worn)
 q - a +0 chain mail
 x - a +2 cloak (worn)
Jewellery
 h - a ring of wizardry (left hand)
 t - a ring of wizardry
 z - a ring of flight (right hand)
Wands
 k - a wand of flame (8)
 m - a wand of polymorph (2)
Scrolls
 f - 2 scrolls of vulnerability
 n - 4 scrolls of identify
 s - 5 scrolls of teleportation
 u - a scroll of immolation {unknown}
 v - a scroll of magic mapping {unknown}
Potions
 d - a potion of might
 e - 4 potions of lignification
 i - 2 potions of magic {unknown}
 j - a potion of brilliance {unknown}
 l - 2 potions of heal wounds {unknown}
 o - 2 potions of flight {unknown}
 r - a potion of haste {unknown}
 w - 2 potions of degeneration {unknown}
 A - a potion of curing


   Skills:
 + Level 4.2 Fighting
 + Level 5.3 Maces & Flails
 + Level 5.0 Armour
 + Level 2.1 Dodging
 * Level 6.1 Shields
 * Level 1.0 Invocations
 + Level 0.3 Evocations


You had 7 spell levels left.
You didn't know any spells.
Your spell library contained the following spells:

 Spells                   Type           Power      Damage    Failure   Level
 Ensorcelled Hibernation  Hex/Ice        0%         N/A       90%         2
 Ozocubu's Armour         Ice            0%         N/A       98%         3
 Spider Form              Tmut/Pois      0%         N/A       98%         3
 Stone Arrow              Conj/Erth      0%         3d7       98%         3
 Animate Armour           Summ/Erth      0%         N/A       100%        4
 Shadow Creatures         Summ           N/A        N/A       100%        6
 Ozocubu's Refrigeration  Ice            0%         4d5       100%        7
 Lehudib's Crystal Spear  Conj/Erth      0%         10d2      100%        8


Dungeon Overview and Level Annotations

Branches:
Dungeon (6/15)             Temple (1/1) D:4

Altars:
Ashenzari
Cheibriados
Dithmenos
Elyvilon
Fedhas
Kikubaaqudgha
Makhleb
Nemelex Xobeh
Okawaru
Qazlal
Ru
Sif Muna
Trog
Vehumet
Wu Jian
Xom
Zin
The Shining One

Shops:
D:1 (!

Annotations:
D:4 2 transporters
D:5 Duvessa
D:6 exclusion: upstairs, Eustachio


Message History

You hit Dowan.
You kill Dowan!
Okawaru accepts your kill.
Duvessa screams in rage.
Duvessa goes berserk!
Dowan returns to his original shape as he dies.
You block Duvessa's attack. Duvessa barely misses you.
Your Invocations skill increases to level 1!
You barely miss Duvessa. Duvessa barely misses you. You block Duvessa's attack.
You sock Duvessa!
Duvessa is lightly wounded.
Duvessa closely misses you. Duvessa hits you with a +0 rapier!
You barely miss Duvessa.
Duvessa is lightly wounded.
Duvessa hits you with a +0 rapier! x2
* * * LOW HITPOINT WARNING * * *
You bludgeon Duvessa!!
Duvessa is heavily wounded.
Duvessa hits you with a +0 rapier!
* * * LOW HITPOINT WARNING * * *
You block Duvessa's attack.
It was a potion of curing.
You feel better. You block Duvessa's attack.
You sock Duvessa!
Duvessa is heavily wounded.
Duvessa completely misses you. You block Duvessa's attack.
You sock Duvessa!
Duvessa is severely wounded.
Duvessa misses you. You block Duvessa's attack.
You hit Duvessa.
Duvessa is almost dead.
Duvessa hits you with a +0 rapier!
* * * LOW HITPOINT WARNING * * *
You block Duvessa's attack.
You feel better. Duvessa hits you with a +0 rapier!
* * * LOW HITPOINT WARNING * * *
Duvessa completely misses you.
You hit Duvessa but do no damage.
Duvessa is almost dead.
You block Duvessa's attack. Duvessa hits you with a +0 rapier!
You die...

..>.....#.......# #......
........#.......# #......
........#.......# #......
........#......############......
........#......#...........###'##
........#......#...........#.....
........#......#...........#.....
........'......#>..........#.....
........######)#@..........######
...............e†.#'##'#####...##
.............(....'..............
..................#..............
..................#..............
...........)......#....##......##
####'###..........#....##########
.......#..........#............##
.......#.....###'##............#.


You could see Duvessa (berserk).

Vanquished Creatures
  Sigmund (D:2)
  A water moccasin (D:6)
  A black bear (D:5)
  An ogre (D:5)
  A killer bee (D:5)
  A jelly (D:5)
  A bullfrog zombie (D:4)
  2 centaur zombies
  Crazy Yiuf (D:2)
  A hound (D:4)
  2 bullfrog skeletons (D:5)
  2 orc priests
  Natasha (thrice) (D:2 D:1)
  2 orc wizards (D:6)
  A hound skeleton (D:5)
  3 adders
  A howler monkey skeleton (D:6)
  An adder skeleton (D:4)
  A worm (D:4)
  11 dart slugs
  12 orcs
  5 bats
  8 endoplasms
  4 giant cockroaches
  A goblin (D:2)
  8 hobgoblins
  3 jackals (D:4)
  A quokka (D:1)
  3 ball pythons
  3 frilled lizards
  4 kobolds
  7 rats
97 creatures vanquished.

Notes
Turn   | Place    | Note
-------+----------+-------------------------------------------
     0 | D:1      | CrazyMind the Human Fighter began the quest for the Orb.
     0 | D:1      | Reached XP level 1. HP: 18/18 MP: 1/1
   141 | D:1      | Found Eteut Ochi's Distillery.
   154 | D:1      | Found Irom Ahi's Antique Weapon Shop.
   250 | D:1      | Reached XP level 2. HP: 24/24 MP: 2/2
   307 | D:1      | Found a faded altar of an unknown god.
   992 | D:2      | Noticed Natasha
  1009 | D:2      | Reached XP level 3. HP: 29/29 MP: 3/3
  1020 | D:2      | Killed Natasha
  1193 | D:2      | Noticed Natasha
  1211 | D:1      | Reached XP level 4. HP: 24/35 MP: 4/4
  1603 | D:2      | Noticed Sigmund
  1706 | D:1      | Killed Natasha
  2085 | D:3      | Reached skill level 4 in Shields
  2312 | D:3      | Reached XP level 5. HP: 33/41 MP: 5/5
  2747 | D:3      | Found a glowing silver altar of Zin.
  2747 | D:3      | Found a sacrificial altar of Ru.
  2749 | D:3      | Found an ornate altar of the Wu Jian Council.
  3292 | D:2      | Killed Sigmund
  3293 | D:2      | Reached XP level 6. HP: 44/47 MP: 6/6
  3368 | D:1      | Noticed Natasha
  3377 | D:1      | Killed Natasha
  3728 | D:2      | Found a runed translucent door.
  3729 | D:2      | Noticed Crazy Yiuf
  3739 | D:2      | Killed Crazy Yiuf
  3740 | D:2      | Reached XP level 7. HP: 19/52 MP: 7/7
  4118 | D:4      | Reached skill level 5 in Shields
  4242 | D:4      | Found a staircase to the Ecumenical Temple.
  4251 | Temple   | Entered the Ecumenical Temple
  4379 | D:4      | Found a transporter.
  4482 | D:4      | Reached skill level 1 in Dodging
  4546 | D:4      | Found a transporter.
  4955 | D:4      | You fall into a shaft and drop 1 floor!
  4955 | D:5      | Entered Level 5 of the Dungeon
  6207 | D:5      | Reached XP level 8. HP: 40/60 MP: 8/8
  6562 | D:5      | Noticed Duvessa
  6562 | D:5      | Noticed Dowan
  6958 | D:6      | Found an iron altar of Okawaru.
  6964 | D:6      | Became a worshipper of Warmaster Okawaru
  6972 | D:6      | Reached skill level 5 in Maces & Flails
  6972 | D:6      | Reached skill level 5 in Armour
  6972 | D:6      | Reached skill level 6 in Shields
  7023 | D:6      | Noticed Eustachio
  7429 | D:5      | Noticed Dowan
  7429 | D:5      | Dowan changed into Dowan the killer bee
  7438 | D:5      | Killed Dowan the killer bee
  7439 | D:5      | Reached skill level 1 in Invocations
  7448 | D:5      | Slain by Duvessa

Illustrated notes

Levels and vault maps discovered:
D:1:      nzn_arrival_crosshair, layout_basic,
          shapermc_ecumenical_altar_notcrosses, serial_shops,
          nicolae_shop_overgrown_old_shop, nicolae_shop_crystal
D:2:      layout_loops_ring, uniq_sigmund, uniq_crazy_yiuf_cottage, uniq_natasha
D:3:      layout_basic, grunt_temple_overflow_open
D:4:      gammafunk_steamed_eel, layout_layer_cave, lemuel_temple_firewalk_b
D:5:      kennysheep_slugbush, layout_gridville, uniq_duvessa
D:6:      layout_loops_corners, okawaru_metal_pillars_3, grunt_decor_arrowhead,
          uniq_eustachio
Temple:   zaba_magenta_temple

Skill      XL: |  1  2  3  4  5  6  7  8 |
---------------+-------------------------+-----
Shields        | 4 5 6 |  6.1
Armour         | 4 5 |  5.0
Maces & Flails | 3 4 5 |  5.3
Dodging        | 1 2 |  2.1
Fighting       | 4 |  4.2
Invocations    | 1 |  1.0
Evocations     | |  0.3

Action                   |  1- 3 |  4- 6 |  7- 9 || total
-------------------------+-------+-------+-------++-------
Melee: Flail             |    61 |   110 |   179 ||   350
Throw: Dart              |       |       |     7 ||     7
Evoke: Wand              |     4 |       |     6 ||    10
  Use: Potion            |       |     1 |     4 ||     5
       Scroll            |       |       |     8 ||     8
Armor: Scale mail        |    19 |    45 |    89 ||   153
       Skin              |       |       |     3 ||     3
Dodge: Dodged            |    21 |    28 |    54 ||   103
Block: Kite shield       |    32 |    42 |   111 ||   185
